 Dungeon Sprint DCSS version 0.17.1-2-g5865329 (webtiles) character file.

1689 dearth the Basher (level 8, -7/82 HPs)
             Began as a Minotaur Berserker on Jan 28, 2016.
             Was a Priest of Trog.
             Killed from afar by a starcursed mass (10 damage)
             ... with an accursed screaming
             ... in the Dungeon (Sprint V: "Ziggurat Sprint").
             The game lasted 00:03:08 (247 turns).

dearth the Basher (Minotaur Berserker)               Turns: 247, Time: 00:03:08

Health: -7/82      AC: 25    Str: 24    XL:     8   Next: 72%
Magic:  7/7        EV:  7    Int:  4    God:    Trog [***...]
Gold:   0          SH:  8    Dex: 10    Spells: 0 memorised, 7 levels left

rFire  . . .     SeeInvis .     l - +5 demon whip
rCold  . . .     Clarity  .     j - +5 crystal plate armour
rNeg   . . .     SustAt   .     k - +3 buckler
rPois  .         Gourm    .     (helmet restricted)
rElec  .         Spirit   .     (no cloak)
rCorr  .         Warding  .     (no gloves)
rMut   .         NoTele   +     (no boots)
MR     .....                    (no amulet)
Stlth  ..........               (no ring)
                                (no ring)

@: exhausted, non-regenerating, diseased, slowed, very slow, not resistant to
hostile enchantments, extremely unstealthy
A: retaliatory headbutt, horns 2
a: Berserk, Trog's Hand, Burn Spellbooks, Renounce Religion


You were in the Dungeon.
You worshipped Trog.
Trog was most pleased with you.
You were hungry.

You visited 1 branch

Inventory:

Hand Weapons
 l - a +5 demon whip (weapon)
Armour
 j - a +5 crystal plate armour (worn)
 k - a +3 buckler (worn)
Scrolls
 a - 4 scrolls of enchant armour
 i - a scroll of blinking
Potions
 d - a potion of curing
 e - a potion of heal wounds
 f - a potion of haste
 g - 2 potions of magic
 h - a potion of berserk rage
Miscellaneous
 b - a disc of storms
Comestibles
 c - a bread ration


   Skills:
 + Level 11.4 Fighting
 * Level 13.8 Maces & Flails
 + Level 9.6 Armour
 + Level 8.5 Dodging
 + Level 8.3 Shields


You had 7 spell levels left.
You didn't know any spells.

Dungeon Overview and Level Annotations

Branches:
Dungeon (1/1)

Altars:
Ashenzari
Cheibriados
Dithmenos
Fedhas
Gozag
Kikubaaqudgha
Makhleb
Okawaru
Qazlal
Ru
Sif Muna
Vehumet
Xom
Yredelemnul
Zin
The Shining One


Innate Abilities, Weirdness & Mutations

You reflexively headbutt those who attack you in melee.
You have a pair of horns on your head.


Message History

The starcursed mass is lightly damaged.
You block the starcursed mass's attack. The starcursed mass barely misses you.
The starcursed mass engulfs you.
* * * LOW HITPOINT WARNING * * *
Unknown command.
You hit the starcursed mass.
You headbutt the starcursed mass, but do no damage.
The starcursed mass is moderately damaged.
The starcursed mass shudders and is absorbed by its neighbour.
The starcursed mass engulfs you but does no damage.
You block the starcursed mass's attack.
You whack the starcursed mass!
You destroy the starcursed mass!
The starcursed mass engulfs you.
* * * LOW HITPOINT WARNING * * *
The starcursed mass engulfs you but does no damage.
You whack the starcursed mass!
You destroy the starcursed mass!
A chorus of shrieks assaults your mind.
You die...

▓.))).▓.....▓.....▓
▓..)..▓.....▓.....▓
▓.....▓.....▓▓▓▓▓▓▓
▓▓▓▓▓▓▓▓▓▓▓▓▓▓
▓..8©8...▓
▓..}:}...▓
▓........▓
▓......X.▓
▓....|X@.▓
▓.▓...X▓X▓
▓........▓
▓▓▓▓▓▓▓▓▓▓


You could see 4 starcursed masses.

Vanquished Creatures
  An ancient zyme (D)
  3 two-headed ogres (D)
  An ogre (D)
  A phantom (D)
  4 starcursed masses (D)
  2 iron imps (D)
  An adder zombie (D)
  An adder skeleton (D)
  A bat zombie (D)
  A giant gecko skeleton (D)
16 creatures vanquished.

Notes
Turn   | Place    | Note
--------------------------------------------------------------
     0 | D        | dearth the Minotaur Berserker began the quest for the Orb.
     0 | D        | Reached XP level 1. HP: 19/19 MP: 0/0
    14 | D        | Found an iron altar of Okawaru.
    14 | D        | Found a radiant altar of Vehumet.
    14 | D        | Found a shimmering altar of Xom.
    14 | D        | Found a burning altar of Makhleb.
    39 | D        | Found a deep blue altar of Sif Muna.
    41 | D        | Entered arena 1.
    41 | D        | Noticed an iron imp
    44 | D        | Reached skill level 4 in Fighting
    47 | D        | Killed an iron imp
    47 | D        | Reached skill level 5 in Fighting
    47 | D        | Reached skill level 5 in Maces & Flails
    47 | D        | Reached XP level 2. HP: 23/30 MP: 1/1
    47 | D        | Reached XP level 3. HP: 28/37 MP: 2/2
    53 | D        | Entered arena 2.
    53 | D        | Noticed a phantom
    66 | D        | Reached skill level 6 in Maces & Flails
    71 | D        | Killed a phantom
    71 | D        | Reached skill level 7 in Fighting
    71 | D        | Reached skill level 8 in Maces & Flails
    71 | D        | Reached XP level 4. HP: 31/48 MP: 3/3
   118 | D        | Entered arena 3.
   118 | D        | Noticed a two-headed ogre
   118 | D        | Noticed a two-headed ogre
   118 | D        | Noticed an ogre
   118 | D        | Noticed a two-headed ogre
   121 | D        | Killed a two-headed ogre
   121 | D        | Reached skill level 9 in Maces & Flails
   121 | D        | Reached skill level 5 in Dodging
   121 | D        | Reached XP level 5. HP: 56/56 MP: 4/4
   121 | D        | Reached XP level 6. HP: 62/62 MP: 5/5
   124 | D        | Killed a two-headed ogre
   124 | D        | Reached ** piety under Trog
   124 | D        | Reached skill level 11 in Maces & Flails
   124 | D        | Reached skill level 5 in Shields
   126 | D        | Killed an ogre
   126 | D        | Reached XP level 7. HP: 71/71 MP: 6/6
   128 | D        | Killed a two-headed ogre
   128 | D        | Reached skill level 10 in Fighting
   128 | D        | Reached skill level 12 in Maces & Flails
   214 | D        | Entered arena 4.
   214 | D        | Noticed a starcursed mass
   214 | D        | Noticed an ancient zyme
   214 | D        | Noticed an iron imp
   220 | D        | Killed an ancient zyme
   221 | D        | Killed an iron imp
   221 | D        | Reached *** piety under Trog
   221 | D        | Reached XP level 8. HP: 81/81 MP: 7/7
   224 | D        | Reached skill level 13 in Maces & Flails
   225 | D        | Killed a starcursed mass
   227 | D        | Killed a starcursed mass
   246 | D        | Killed a starcursed mass
   246 | D        | HP: 3/82 [starcursed mass (6)]
   247 | D        | Killed a starcursed mass
   247 | D        | Killed from afar by a starcursed mass

Action                   |  1- 3 |  4- 6 |  7- 9 || total
-------------------------+-------+-------+-------++-------
Melee: Demon whip        |    18 |     6 |    21 ||    45
Invok: Berserk           |     1 |     1 |     1 ||     3
